 Dungeon Crawl Stone Soup version 0.31.0-11-ge490571c62 (webtiles) character file.

Game seed: 10582056011609919073

1041 qw the Nimble (level 8, -3/39 HPs)
             Began as a Spriggan Hunter on Feb 4, 2024.
             Incinerated by a bombardier beetle (4 damage)
             ... with a burning spray
             ... on level 4 of the Dungeon.
             The game lasted 00:00:15 (2891 turns).

qw the Nimble (Spriggan Hunter)                     Turns: 2891, Time: 00:00:16

Health: -3/39      AC:  3    Str:  6    XL:     8   Next: 4%
Magic:  0/9        EV: 25    Int: 10    God:
Gold:   186        SH:  0    Dex: 24    Spells: 7/7 levels left

rFire   . . .        a - +3 shortbow
rCold   + . .        (shield currently unavailable)
rNeg    . . .        c - +0 robe
rPois   .            (helmet restricted)
rElec   .            b - +0 cloak
rCorr   .            (gloves unavailable)
SInv    +            (boots unavailable)
Will    +....        m - amulet of guardian spirit
Stlth   +            r - ring of protection from cold
HPRegen 0.26/turn    (no ring)
MPRegen 0.11/turn

%: guardian spirit
@: on fire, glowing, very quick
A: very small, no large weapons, unfitting armour, see invisible, speed 3, agile
1
a: no special abilities


You were on level 4 of the Dungeon.
You visited 1 branch of the dungeon, and saw 4 of its levels.
You also visited: Ossuary.

You collected 186 gold pieces.


Innate Abilities, Weirdness & Mutations

You are very small and have problems with some larger weapons.
You are too small for most types of armour.
You have supernaturally acute eyesight. (SInv)
You cover ground extremely quickly. (Speed+++)
You are agile. (Dex +4, Str/Int -1)


   Skills:
 - Level 2.9 Fighting
 + Level 7.8 Ranged Weapons
 - Level 8.1 Dodging
 - Level 1.5 Stealth


You had 7 spell levels left.
You didn't know any spells.
Your spell library was empty.

Inventory:

Hand Weapons
 a - a +3 shortbow (weapon)
Armour
 b - a +0 cloak (worn)
 c - a +0 robe (worn)
Jewellery
 m - an amulet of guardian spirit (around neck)
 r - a ring of protection from cold (left hand)
Scrolls
 f - a scroll of identify
 q - a scroll of teleportation
Potions
 d - 2 potions of curing
 e - a potion of enlightenment
 k - a potion of heal wounds
 o - a potion of haste
 p - a potion of might

Dungeon Overview and Level Annotations

Branches:
Dungeon (4/15)            Ossuary (visited)
 Temple: D:4-7

Altars:


Message History

The bombardier beetle is almost dead.
You shoot an arrow.
The arrow hits the bombardier beetle but does no damage.
The bombardier beetle is almost dead.
The bombardier beetle sprays incendiary fluid at you.
The burning spray hits you.
You are covered in liquid fire!
You shoot an arrow. The arrow hits the bombardier beetle.
You kill the bombardier beetle!
The liquid fire burns you!
Your Dodging skill increases to level 8!
You are on fire!
The liquid fire burns you!
You are on fire!
The liquid fire burns you!
You are on fire!
The liquid fire burns you!
You are on fire!
The liquid fire burns you!
You are on fire!
The liquid fire burns you!
You are on fire!
The liquid fire burns you!
You are on fire!
The liquid fire burns you!
You are on fire!
The liquid fire burns you!
You are on fire!
The liquid fire burns you!
You are on fire!
The liquid fire burns you!
You are on fire!
The liquid fire burns you!
You are on fire!
The liquid fire burns you!
You are on fire!
The liquid fire burns you!
You are on fire!
The liquid fire burns you!
You die...

.....<#................,* *,,,,
.....##.....###........,** **,,,,
.....####..###..>.....##,***,,,,,
.....##.#..# #..........,,*,,,,,,
...........###..........,,,,,,,*,
......####..#...........,,,,,,,*,
#...^.#*.#..............,,**,,,,,
##..#.......#...........,,,,,*,,,
.#.##*##.#..##..@.......,,,*,*,,,
....###..#.,*##.........,****,,,,
.....##.##.,*#..........,,* **,,,
##..)...#..<............,** *,*,
#.....#....#............,,****,**
#..#))#...###.............,,,*,*
...#.......###...#.......#,,,,,*
..........##8.#.##8......#***,***
.........##*##..###,...?.## *,,*,


There were no monsters in sight!

Vanquished Creatures
  A black bear (D:4)
  An ogre (D:4)
  7 scorpions (Ossuary)
  A bombardier beetle (D:4)
  3 centaur zombies (Ossuary)
  A jelly (D:4)
  A hound (D:4)
  2 scorpion zombies (Ossuary)
  2 iguanas (D:4)
  An orc wizard (D:3)
  3 mummies (Ossuary)
  3 adders
  An adder zombie (Ossuary)
  A dart slug (D:2)
  A ribbon worm (D:2)
  8 orcs
  An endoplasm (D:1)
  3 giant cockroaches
  5 goblins
  6 hobgoblins
  6 jackals
  2 quokkas
  5 ball pythons
  6 ball python zombies (Ossuary)
  9 bats
  5 frilled lizards
  A gnoll zombie (Ossuary)
  5 jackal zombies (Ossuary)
  5 kobolds
  2 orc zombies (Ossuary)
  2 rats (D:1)
100 creatures vanquished.

Notes
Turn   | Place    | Note
-------+----------+-------------------------------------------
     0 | D:1      | qw the Spriggan Hunter began the quest for the Orb.
     0 | D:1      | Reached XP level 1. HP: 10/10 MP: 2/2
     0 | D:1      | 0 ||| qw: Version: 0.3-a-160-g6735b56
     0 | D:1      | 0 ||| qw: Game counter: 5536
     0 | D:1      | 0 ||| qw: Melee chars always use a shield: true
     0 | D:1      | 0 ||| qw: God list: Okawaru
     0 | D:1      | 0 ||| qw: Allow faded altars: false
     0 | D:1      | 0 ||| qw: Do Orc after clearing Dungeon:15 true
     0 | D:1      | 0 ||| qw: Do second Lair branch before Depths: true
     0 | D:1      | 0 ||| qw: Lair rune preference: random
     0 | D:1      | 0 ||| qw: Goals: Normal
     0 | D:1      | 0 ||| PLANNING D:1-11
   102 | D:1      | Reached skill level 3 in Dodging
   130 | D:1      | Reached XP level 2. HP: 14/14 MP: 3/3
   201 | D:1      | Found a faded altar of an unknown god.
   220 | D:1      | Reached skill level 4 in Dodging
   649 | D:1      | 649 ||| DROPPING scroll of butterflies.
   768 | D:2      | Reached XP level 3. HP: 14/18 MP: 4/4
  1351 | D:2      | 1351 ||| UPGRADING to +0 cloak.
  1356 | D:2      | 1356 ||| READING 2 scrolls labelled KANLYSH GUGIM.
  1356 | D:2      | 1356 ||| IDENTIFYING yellow potion
  1357 | D:2      | 1357 ||| READING scroll of identify.
  1357 | D:2      | 1357 ||| IDENTIFYING inky potion
  1358 | D:2      | 1358 ||| DRINKING 2 fizzy cyan potions.
  1412 | D:2      | 1412 ||| DROPPING potion of lignification.
  1453 | D:3      | You fall into a shaft and drop 1 floor!
  1454 | D:4      | 1454 ||| PLANNING OSSUARY
  1461 | D:4      | Reached XP level 4. HP: 22/22 MP: 5/5
  1537 | D:4      | Noticed an ogre
  1539 | D:4      | 1539 ||| RETREEEEATING.
  1540 | D:4      | 1540 ||| RETREEEEATING.
  1541 | D:4      | 1541 ||| RETREEEEATING.
  1554 | D:4      | Killed an ogre
  1555 | D:4      | Reached skill level 6 in Dodging
  1555 | D:4      | Reached XP level 5. HP: 24/25 MP: 6/6
  1695 | D:4      | Noticed a black bear
  1702 | D:4      | Killed a black bear
  1703 | D:4      | Reached XP level 6. HP: 32/32 MP: 7/7
  1767 | D:4      | Found a sand-covered staircase.
  1768 | D:4      | 1768 ||| READING scroll labelled QICHIGA YHOD.
  1769 | D:4      | 1769 ||| READING scroll labelled YRADWU HUOGOFU.
  1770 | D:4      | 1770 ||| READING scroll labelled HEULYJOZXE.
  1786 | Ossuary  | Entered an ossuary
  1853 | Ossuary  | Reached skill level 6 in Ranged Weapons
  1990 | Ossuary  | Reached XP level 7. HP: 35/35 MP: 8/8
  2032 | Ossuary  | HP: 8/35 [poisoned by a scorpion]
  2033 | Ossuary  | 2033 ||| DRINKING potion of heal wounds.
  2155 | Ossuary  | Reached skill level 7 in Dodging
  2375 | Ossuary  | 2375 ||| UPGRADING to amulet of guardian spirit.
  2380 | Ossuary  | 2380 ||| UPGRADING to ring of protection from cold.
  2381 | Ossuary  | 2381 ||| READING 2 scrolls of identify.
  2381 | Ossuary  | 2381 ||| IDENTIFYING silvery potion
  2382 | Ossuary  | 2382 ||| READING scroll of identify.
  2382 | Ossuary  | 2382 ||| IDENTIFYING metallic brown potion
  2383 | Ossuary  | 2383 ||| READING scroll labelled JOSOLU GATYSM.
  2384 | Ossuary  | 2384 ||| READING 3 scrolls labelled TAL HIENUDOR.
  2384 | Ossuary  | 2384 ||| ENCHANTING +0 shortbow.
  2385 | Ossuary  | 2385 ||| READING 2 scrolls of enchant weapon.
  2385 | Ossuary  | 2385 ||| ENCHANTING +1 shortbow.
  2386 | Ossuary  | 2386 ||| READING scroll of enchant weapon.
  2386 | Ossuary  | 2386 ||| ENCHANTING +2 shortbow.
  2387 | Ossuary  | 2387 ||| READING 2 scrolls labelled MOYDDAH YWUO.
  2436 | Ossuary  | 2436 ||| DRINKING 2 orange potions.
  2437 | Ossuary  | 2437 ||| DRINKING 3 viscous black potions.
  2438 | Ossuary  | 2438 ||| DRINKING 2 emerald potions.
  2438 | Ossuary  | Gained mutation: You occasionally lose the ability to read
                  | scrolls when taking damage. [potion of mutation]
  2438 | Ossuary  | Gained mutation: You sometimes lose your temper in combat.
                  | [potion of mutation]
  2438 | Ossuary  | Gained mutation: Your spells are a little harder to cast,
                  | but a little more powerful. [potion of mutation]
  2439 | Ossuary  | 2439 ||| DRINKING potion of mutation.
  2439 | Ossuary  | Lost mutation: Your spells are a little harder to cast, but
                  | a little more powerful. [potion of mutation]
  2439 | Ossuary  | Lost mutation: You sometimes lose your temper in combat.
                  | [potion of mutation]
  2439 | Ossuary  | Lost mutation: You occasionally lose the ability to read
                  | scrolls when taking damage. [potion of mutation]
  2439 | Ossuary  | Gained mutation: You are agile. (Dex +4, Str/Int -1)
                  | [potion of mutation]
  2440 | Ossuary  | 2440 ||| DROPPING potion of brilliance.
  2441 | Ossuary  | 2441 ||| DROPPING 2 potions of attraction.
  2442 | Ossuary  | 2442 ||| DROPPING scroll of torment.
  2479 | D:4      | 2479 ||| PLANNING D:1-11
  2814 | D:3      | 2814 ||| READING 2 scrolls of identify.
  2814 | D:3      | 2814 ||| IDENTIFYING amethyst potion
  2851 | D:4      | Reached XP level 8. HP: 39/39 MP: 9/9
  2878 | D:4      | Reached skill level 8 in Dodging
  2887 | D:4      | HP: 9/39 [burnt (4)]
  2889 | D:4      | HP: 3/39 [burnt (3)]
  2890 | D:4      | HP: 1/39 [burnt (3)]
  2891 | D:4      | Incinerated by a bombardier beetle

Levels and vault maps discovered:
D:1:      dpeg_arrival_erosion, layout_loops_ring,
          shapermc_ecumenical_altar_pompeii
D:2:      layout_basic
D:3:      layout_rooms
D:4:      layout_cave_pools, lightli_ossuary_entry_decrepit_ruins

Skill      XL: |  1  2  3  4  5  6  7  8 |
---------------+-------------------------+-----
Dodging        | 3 4 6 7 8 |  8.1
Ranged Weapons | 5 6 7 |  7.8
Fighting       | 2 |  2.9
Stealth        | |  1.5

Action                     |  1- 3 |  4- 6 |  7- 9 || total
---------------------------+-------+-------+-------++-------
   Fire: Shortbow          |    97 |   145 |   157 ||   399
    Use: Scroll            |     2 |     3 |     8 ||    13
         Potion            |     1 |       |     5 ||     6
 Armour: Robe              |    13 |    25 |    36 ||    74
  Dodge: Dodged            |    30 |   124 |   134 ||   288

Table legend:
 A = Non-vault XP
 B = Vault XP
 C = Vault XP percentage of total XP
 D = Non-vault monster count
 E = Vault monster count
 F = Vault count percentage of total count
                 A         B        C        D         E       F
            +---------+---------+-------+---------+---------+-------
      Total |     629 |     859 |  57.7 |      70 |      30 |  30.0
            +---------+---------+-------+---------+---------+-------
        D:1 |      36 |       0 |   0.0 |      25 |       0 |   0.0
        D:2 |      33 |       0 |   0.0 |      10 |       0 |   0.0
        D:3 |      78 |       0 |   0.0 |      19 |       0 |   0.0
        D:4 |     482 |       0 |   0.0 |      16 |       0 |   0.0
    Ossuary |       0 |     859 | 100.0 |       0 |      30 | 100.0
            +---------+---------+-------+---------+---------+-------
